 Dungeon Crawl Stone Soup version 0.22-a0-305-gd21a89c538 (webtiles) character file.

11 Oravi the Insei (level 2, 0/21 HPs)
             Began as a Merfolk Transmuter on Apr 1, 2018.
             Slain by a hobgoblin (3 damage)
             ... on level 1 of the Dungeon.
             The game lasted 00:00:56 (333 turns).

Oravi the Insei (Merfolk Transmuter)                 Turns: 333, Time: 00:00:56

Health: 0/21       AC:  2    Str: 10    XL:     2   Next: 25%
Magic:  5/5        EV: 13    Int: 12    God:
Gold:   12         SH:  0    Dex: 14    Spells: 4/5 levels left

rFire    x . .     SeeInvis .     - Unarmed
rCold    + . .     Gourm    .   (no shield)
rNeg     . . .     Faith    .   b - +0 robe
rPois    .         Spirit   .   (no helmet)
rElec    .         Reflect  .   (no cloak)
rCorr    .         Harm     .   (no gloves)
MR       .....                  (no boots)
Stlth    +.........             (no amulet)
HPRegen  0.07/turn              f - ring of ice
MPRegen  0.09/turn              (no ring)

@: appendage (expiring)
A: change form in water, swift swim, stealthy swim, horns 2
a: End Transformation


You were on level 1 of the Dungeon.
You were not hungry.
You had grown temporary horns.
You visited 1 branch of the dungeon, and saw 1 of its levels.

You collected 12 gold pieces.

Inventory:

Missiles
 a - 12 arrows
Armour
 b - a +0 robe (worn)
Jewellery
 f - a ring of ice (left hand)
Scrolls
 e - a scroll of teleportation {unknown}
Potions
 g - a potion of might {unknown}
Comestibles
 d - 3 rations


   Skills:
 + Level 1.1 Fighting
 + Level 2.9 Dodging
 + Level 3.7 Unarmed Combat
 + Level 2.1 Spellcasting
 * Level 2.9 Transmutations


You had 4 spell levels left.
You knew the following spells:

 Your Spells              Type           Power        Failure   Level  Hunger
a - Beastly Appendage     Tmut           #.....       8%          1    ##.....


Dungeon Overview and Level Annotations

Branches:
Dungeon (1/15)

Altars:


Innate Abilities, Weirdness & Mutations

You revert to your normal form in water.
You are very nimble and swift while swimming.
You are very stealthy in the water. (Stealth+)
You have a pair of horns on your head.


Message History

You are too injured to fight recklessly!
You are too injured to fight recklessly!
You are too injured to fight recklessly!
You are too injured to fight recklessly!
You are too injured to fight recklessly!
You are too injured to fight recklessly!
You are too injured to fight recklessly!
You are too injured to fight recklessly!
You closely miss the jackal. The jackal barely misses you.
The hobgoblin completely misses you. The hobgoblin hits you.
You hit the jackal. Your headbutt misses the jackal.
The jackal is almost dead.
The jackal misses you. The jackal barely misses you.
The hobgoblin hits you with a club.
* * * LOW HITPOINT WARNING * * *
The hobgoblin closely misses you.
You hit the jackal but do no damage.
The jackal is almost dead.
The jackal barely misses you. The hobgoblin hits you.
You die...

#.####........ #....
#.#........... #....
#.#(.......... ....
#.....######## ...
#.....# .. #....## #!
#.....#
###g####.....########
#..g@h..####.........
#.......####.........
#........##...........
#........##.##........
#....###.... #####.#..
#.... ##### #####.#..
#.... #.....#.. #....
#.####### #...#####


You could see a jackal and 2 hobgoblins.

Vanquished Creatures
  A dart slug (D:1)
  A goblin (D:1)
  A hobgoblin (D:1)
  2 jackals (D:1)
  A bat (D:1)
  A frilled lizard (D:1)
  A kobold (D:1)
  A rat (D:1)
9 creatures vanquished.

Notes
Turn   | Place    | Note
-------+----------+-------------------------------------------
     0 | D:1      | Oravi the Merfolk Transmuter began the quest for the Orb.
     0 | D:1      | Reached XP level 1. HP: 15/15 MP: 3/3
   231 | D:1      | Reached XP level 2. HP: 20/21 MP: 5/5
   333 | D:1      | Slain by a hobgoblin

Vault maps used:
D:1:      evilmike_arrival_rings, minmay_liquid_box

Action                   || total
-------------------------++-------
Melee: Unarmed           ||    25
       Headbutt          ||     5
 Cast: Beastly Appendage ||     3
Armor: Robe              ||     2
Dodge: Dodged            ||    21

Table legend:
 A = Spawn XP
 B = Non-spawn XP
 C = Spawn XP percentage of total XP
 D = Spawn monster count
 E = Non-spawn monster count
 F = Spawn count percentage of total count
 G = Total turns spent on level
                    A         B        C        D         E        F      G
               +---------+---------+-------+---------+---------+-------+---------
         Total |       0 |      16 |   0.0 |       0 |       9 |   0.0 |   333
               +---------+---------+-------+---------+---------+-------+---------
           D:1 |       0 |      16 |   0.0 |       0 |       9 |   0.0 |   333
               +---------+---------+-------+---------+---------+-------+---------
